 Dungeon Crawl Stone Soup version 0.27.1-34-g3ba077fa99 (webtiles) character file.

Game seed: 12934302946550250569

53 mtoz the Skirmisher (level 3, 0/33 HPs)
             Began as a Minotaur Abyssal Knight on Jan 7, 2022.
             Was an Initiate of Lugonu.
             Slain by a gnoll (4 damage)
             ... on level 2 of the Dungeon.
             The game lasted 00:04:49 (1351 turns).

mtoz the Skirmisher (Minotaur Abyssal Knight)       Turns: 1351, Time: 00:04:49

Health: 0/33       AC:  9    Str: 17    XL:     3   Next: 64%
Magic:  3/3        EV:  7    Int:  9    God:    Lugonu [......]
Gold:   60         SH:  0    Dex:  9    Spells: 2/2 levels left

rFire    . . .     SeeInvis .   a - +1 hand axe
rCold    . . .     Faith    .   (no shield)
rNeg     . . .     Spirit   .   e - +0 chain mail
rPois    .         Reflect  .   (helmet restricted)
rElec    .         Harm     .   (no cloak)
rCorr    .         Rampage  .   (no gloves)
Will     .....                  (no boots)
Stlth    ..........             (no amulet)
HPRegen  0.11/turn              (no ring)
MPRegen  0.08/turn              (no ring)

@: no status effects
A: horns 2, retaliatory headbutt
a: Renounce Religion


You were on level 2 of the Dungeon.
You worshipped Lugonu.
Lugonu was noncommittal.
You visited 1 branch of the dungeon, and saw 2 of its levels.
You visited the Abyss 1 time.

You collected 60 gold pieces.

Inventory:

Hand Weapons
 a - a +1 hand axe (weapon)
 i - a +0 flail
Armour
 e - a +0 chain mail (worn)
Scrolls
 b - a scroll of magic mapping {unknown}
 c - a scroll of fear {unknown}
 f - a scroll of teleportation {unknown}
Potions
 d - a potion of brilliance {unknown}
 g - a potion of cancellation {unknown}
 h - a potion of degeneration {unknown}


   Skills:
 + Level 4.1 Fighting
 + Level 3.0 Axes
 + Level 3.0 Armour
 + Level 2.0 Dodging
 + Level 2.3 Invocations


You had 2 spell levels left.
You didn't know any spells.
Your spell library was empty.

Dungeon Overview and Level Annotations

Branches:
Dungeon (2/15)

Altars:


Innate Abilities, Weirdness & Mutations

You have a pair of horns on your head.
You reflexively headbutt those who attack you in melee.


Message History

You hit the gnoll.
The gnoll is heavily wounded.
You hit the goblin.
You kill the goblin!
Lugonu accepts your kill. The gnoll barely misses you.
You hit the gnoll but do no damage. You headbutt the gnoll.
You kill the gnoll!
Lugonu accepts your kill.
Your Dodging skill increases to level 2!
You now have 60 gold pieces (gained 8).
Things that are here:
a +0 flail; a +0 ring mail; a +4 dagger
There is a stone staircase leading down here.
b - a scroll labelled BUJUN OSIKOCK
Items here: ) [[ ††.
Okay, then.
There is a stone staircase leading down here.
You start resting.
HP restored.
You climb downwards.
The gnoll closely misses you.
There is a stone staircase leading up here.
The gnoll hits you but does no damage.
You completely miss the gnoll.
The gnoll hits you with a +0 halberd. x2
You barely miss the gnoll. Your headbutt misses the gnoll.
The gnoll hits you with a +0 halberd.
You barely miss the gnoll. The gnoll hits you with a +0 halberd!
You hit the gnoll.
The gnoll is lightly wounded.
The gnoll hits you with a +0 halberd.
* * * LOW HITPOINT WARNING * * *
You hit the gnoll but do no damage.
The gnoll is lightly wounded.
The gnoll hits you with a +0 halberd.
* * * LOW HITPOINT WARNING * * *
Okay, then.
The gnoll hits you but does no damage.
There is a stone staircase leading up here.
The gnoll hits you from afar with a +0 halberd.
You die...

###.#.......###.# #.............#
#.#.#####.###+########..###.#.#
###..................###..#.#.#.#
....#................+....#.....#
###.#.###...#........###..#.#.#.#
#.....# #...#........###........#
###.#.###..[.....................
....#.....#.#......÷.###........#
#.........#.#...@....###.###.#..#
#.#.#>........g..................
#.#.........#.......####.........
#.###...#.#.#..#.##.#####........
#.###...#†#.##.#..#.........##...
#......#....##.#..#.........##...
#####.##g#........#.........##..#
####..†................†##..#
#.....##..##.#######........


You could see a gnoll.

Vanquished Creatures
  An adder (D:2)
  2 gnolls (D:1)
  A dart slug (D:1)
  4 ball pythons
  2 bats
  2 endoplasms (D:1)
  A giant cockroach (D:2)
  2 goblins (D:1)
  2 hobgoblins
  A kobold (D:1)
  A frilled lizard (D:1)
  2 rats (D:1)
21 creatures vanquished.

Vanquished Creatures (others)
  2 plants (D:1)
2 creatures vanquished.

Grand Total: 23 creatures vanquished

Notes
Turn   | Place    | Note
-------+----------+-------------------------------------------
     0 | Abyss:1  | mtoz the Minotaur Abyssal Knight began the quest for the
                  | Orb.
     0 | Abyss:1  | Reached XP level 1. HP: 19/19 MP: 1/1
    20 | D:1      | Escaped the Abyss
   570 | D:1      | Reached XP level 2. HP: 25/27 MP: 2/2
  1043 | D:2      | Reached skill level 4 in Fighting
  1043 | D:2      | Reached XP level 3. HP: 15/33 MP: 3/3
  1351 | D:2      | Slain by a gnoll

Illustrated notes

Levels and vault maps discovered:
D:1:      wander_arrival_fairy_ring, layout_rooms, chequers_garden
D:2:      layout_basic, hellmonk_ecumenical_altar_blasted, minmay_rat_hole

Skill      XL: |  1  2  3 |
---------------+----------+-----
Invocations    | 2 |  2.3
Fighting       | 4 |  4.1
Axes           | 3 |  3.0
Armour         | 3 |  3.0
Dodging        | 2 |  2.0

Action                   || total
-------------------------++-------
Melee: Hand axe          ||    46
       Headbutt          ||     5
Invok: Depart the Abyss  ||     1
Armor: Leather armour    ||     8
       Chain mail        ||     8
Dodge: Dodged            ||    31
